 Dungeon Sprint DCSS version 0.27.1 (webtiles) character file.

Game seed: 14449579158351176586

1218 styxcanada the Unseen (level 8, 0/43 HPs)
             Began as a Spriggan Brigand on Aug 22, 2021.
             Was an Initiate of Gozag.
             Succumbed to a killer bee's poison
             ... in the Dungeon (Sprint IV: "Fedhas' Mad Dash").
             The game lasted 00:09:07 (1335 turns).

styxcanada the Unseen (Spriggan Brigand)            Turns: 1335, Time: 00:09:08

Health: 0/43       AC:  5    Str:  7    XL:     8   Next: 22%
Magic:  9/9        EV: 22    Int: 16    God:    Gozag
Gold:   189        SH:  7    Dex: 18    Spells: 7/7 levels left

rFire    + . .     SeeInvis +   a - +2 dagger
rCold    . . .     Faith    .   b - +1 buckler {rF+}
rNeg     . . .     Spirit   .   t - +1 robe {Archmagi}
rPois    .         Reflect  .   s - +1 hat {Int+3}
rElec    .         Harm     .   c - +0 cloak
rCorr    .         Rampage  .   (gloves unavailable)
Will     +....     Archmagi +   (boots unavailable) Stlth +++++++...NoTele +
                                m - amulet of invisibility {+Inv}
HPRegen  0.14/turn              (no ring)
MPRegen  0.11/turn              (no ring)

@: lethally poisoned (0 -> -1), on berserk cooldown, very slightly contaminated,
slowed, quick
A: very small, no large weapons, unfitting armour, see invisible, speed 3
a: Renounce Religion, Evoke Invisibility, Potion Petition, Call Merchant, Bribe
Branch


You were in the Dungeon.
You worshipped Gozag.
Gozag was aware of your devotion.
You visited 1 branch You collected 818 gold pieces.
You spent 629 gold pieces at shops.

Inventory:

Hand Weapons
 a - a +2 dagger (weapon)
Missiles
 d - 6 poisoned darts
 f - a curare-tipped dart
 l - 48 stones (quivered)
Armour
 b - a +1 buckler of fire resistance (worn)
 c - a +0 cloak (worn)
 j - a +2 buckler
 s - a +1 hat of intelligence (worn)
 t - a +1 robe of the Archmagi (worn)
Jewellery
 m - the amulet of invisibility (around neck) {+Inv}
   (You found it in the Dungeon)

   [amulet of nothing]

   +Inv:      It lets you turn invisible.
 r - a ring of positive energy
Scrolls
 e - 2 scrolls of identify
 k - a scroll of blinking
Potions
 h - a potion of haste
 i - 2 potions of magic
 n - a potion of cancellation {unknown}
 o - a potion of degeneration
 p - a potion of might
 q - 2 potions of berserk rage


   Skills:
 * Level 5.3 Fighting
 + Level 4.8 Short Blades
 + Level 5.7 Throwing
 * Level 8.7 Dodging
 * Level 18.4 Stealth
 * Level 1.6 Shields
 * Level 8.6 Evocations


You had 7 spell levels left.
You didn't know any spells.
Your spell library was empty.

Dungeon Overview and Level Annotations

Branches:
Dungeon (1/1)

Altars:
Cheibriados
Dithmenos
Elyvilon
Gozag
Hepliaklqana
Kikubaaqudgha
Makhleb
Nemelex Xobeh
Okawaru
Qazlal
Ru
Sif Muna
Trog
Uskayaw
Vehumet
Wu Jian
Xom
Yredelemnul
Zin
The Shining One
Beogh
Jiyva
Lugonu

Shops:
D *!=[


Innate Abilities, Weirdness & Mutations

You are very small and have problems with some larger weapons.
You are too small for most types of armour.
You have supernaturally acute eyesight. (SInv)
You cover ground extremely quickly. (Speed+++)


Message History

Unknown command.
You puncture the killer bee!
You kill the killer bee!
You flicker back into view.
You feel sick. The killer bee completely misses you. The killer bee misses you.
You hit the killer bee.
The killer bee is severely wounded.
You feel sick. You block the killer bee's attack.
The killer bee completely misses you.
Unknown command.
You hit the killer bee.
You kill the killer bee!
You feel sick.
The killer bee stings you but does no damage.
You barely miss the killer bee.
You feel sick.
The killer bee is distracted by your dazzling golden aura.
You hit the killer bee.
The killer bee is no longer distracted by gold.
The killer bee is moderately wounded.
The killer bee barely misses you.
You hit the killer bee.
The killer bee is moderately wounded.
You feel sick. The killer bee completely misses you.
You puncture the killer bee!
You kill the killer bee!
You feel sick.
You now have 189 gold pieces (gained 135).
You feel a strong urge to attack something.
You are no longer berserk.
You are exhausted.
You feel yourself slow down.
* * * LOW HITPOINT WARNING * * *
You feel sick.
You see here 63 gold pieces.
There is a lethal amount of poison in your body!
* * * LOW HITPOINT WARNING * * *
You feel sick.
You see here 36 gold pieces.
You die...
Your body crumbles into a pile of gold.

####################
#<†..#.....#.....#.⌠
#PP..'.†...'.#.))'..
#PPPP#.....#.#...#..
###############'##..
#..@♣........'...#._
#..$...♣.....#$$$###
#..$..♣..♣..######
##+####+##### $


$$$$ $ There were no monsters in sight!

Vanquished Creatures
  A burning bush (D)
  A queen bee (D)
  2 wandering mushrooms (D)
  3 scorpions (D)
  4 killer bees (D)
  4 oklob saplings (D)
  2 spriggans (D)
  A river rat (D)
  A rat (D)
19 creatures vanquished.

Vanquished Creatures (others)
  A fungus (D)
1 creature vanquished.

Grand Total: 20 creatures vanquished

Notes
Turn   | Place    | Note
-------+----------+-------------------------------------------
     0 | D        | styxcanada the Spriggan Brigand began the quest for the
                  | Orb.
     0 | D        | Reached XP level 1. HP: 10/10 MP: 2/2
    13 | D        | Reached skill level 6 in Stealth
    25 | D        | Reached skill level 8 in Stealth
    25 | D        | Reached XP level 2. HP: 14/15 MP: 3/3
    56 | D        | Noticed an oklob sapling
    58 | D        | Killed an oklob sapling
    59 | D        | Reached skill level 9 in Stealth
    59 | D        | Reached XP level 3. HP: 19/19 MP: 4/4
    60 | D        | Noticed a scorpion
    60 | D        | Found the amulet of invisibility {+Inv}
    62 | D        | Killed a scorpion
    63 | D        | Reached skill level 12 in Stealth
    63 | D        | Reached XP level 4. HP: 23/23 MP: 5/5
    83 | D        | Found an opulent altar of Gozag.
    83 | D        | Found a hazy altar of Hepliaklqana.
    83 | D        | Found a burning altar of Makhleb.
    83 | D        | Found a sparkling altar of Nemelex Xobeh.
    83 | D        | Found a snail-covered altar of Cheibriados.
    83 | D        | Found a sacrificial altar of Ru.
    83 | D        | Found a shimmering blue altar of Sif Muna.
    83 | D        | Found a shimmering altar of Xom.
    83 | D        | Found a basalt altar of Yredelemnul.
    84 | D        | Found a viscous altar of Jiyva.
    84 | D        | Found a bloodstained altar of Trog.
    84 | D        | Found an ornate altar of the Wu Jian Council.
    85 | D        | Found an iron altar of Okawaru.
    85 | D        | Found a shadowy altar of Dithmenos.
    85 | D        | Found a glowing silver altar of Zin.
    86 | D        | Found an ancient bone altar of Kikubaaqudgha.
    86 | D        | Found a hide-covered altar of Uskayaw.
    87 | D        | Found a stormy altar of Qazlal.
    87 | D        | Found a white marble altar of Elyvilon.
    87 | D        | Found a glowing golden altar of the Shining One.
    88 | D        | Became a worshipper of Gozag Ym Sagoz the Greedy
    89 | D        | Found a corrupted altar of Lugonu.
    89 | D        | Found a radiant altar of Vehumet.
    93 | D        | HP: 1/23 [acid (13)]
    96 | D        | Reached skill level 13 in Stealth
    96 | D        | Reached XP level 5. HP: 2/28 MP: 3/6
   401 | D        | Reached skill level 5 in Dodging
   401 | D        | Reached skill level 14 in Stealth
   401 | D        | Reached skill level 1 in Evocations
   490 | D        | HP: 1/28 [poisoned by a scorpion]
   497 | D        | Reached skill level 15 in Stealth
   497 | D        | Reached XP level 6. HP: 8/33 MP: 7/7
   872 | D        | Found Keab's Distillery.
   873 | D        | Found Karoywn's General Store.
   878 | D        | Bought a scroll of identify for 24 gold pieces
   878 | D        | Bought a potion of heal wounds for 60 gold pieces
   879 | D        | Bought a potion of degeneration for 10 gold pieces
   879 | D        | Bought a potion of might for 40 gold pieces
   879 | D        | Bought 3 potions of berserk rage for 150 gold pieces
   936 | D        | Noticed a burning bush
   936 | D        | Noticed a wandering mushroom
   937 | D        | Noticed a wandering mushroom
   941 | D        | Killed a burning bush
   942 | D        | Reached skill level 16 in Stealth
   942 | D        | Reached skill level 5 in Evocations
   942 | D        | Reached XP level 7. HP: 26/38 MP: 5/8
   943 | D        | Reached skill level 17 in Stealth
   962 | D        | Killed a wandering mushroom
   963 | D        | Reached skill level 5 in Throwing
  1107 | D        | Found Feqa's Antique Armour Emporium.
  1107 | D        | Found Nude Got's Jewellery Shoppe.
  1116 | D        | Bought an embroidered hat for 133 gold pieces
  1121 | D        | Bought a runed robe for 70 gold pieces
  1248 | D        | Bought a runed buckler for 142 gold pieces
  1300 | D        | Noticed a queen bee
  1312 | D        | Reached skill level 5 in Fighting
  1322 | D        | Killed a queen bee
  1323 | D        | Reached skill level 18 in Stealth
  1323 | D        | Reached skill level 1 in Shields
  1323 | D        | Reached XP level 8. HP: 10/43 MP: 9/9
  1333 | D        | HP: 2/43 [poisoned by a killer bee]
  1335 | D        | Succumbed to a killer bee's poison

Illustrated notes

Levels and vault maps discovered:
D:        dungeon_sprint_fedhas [sprint_temple]

Skill      XL: |  1  2  3  4  5  6  7 |
---------------+----------------------+-----
Stealth        | 8 9 12 13 15 16 18 | 18.4
Fighting       | 2 3 4 5 |  5.3
Dodging        | 2 3 4 5 6 8 |  8.7
Short Blades   | 3 4 |  4.8
Throwing       | 3 4 5 |  5.7
Evocations     | 3 5 8 |  8.6
Shields        | 1 |  1.6

Action                   |  1- 3 |  4- 6 |  7- 9 || total
-------------------------+-------+-------+-------++-------
Melee: Dagger            |     8 |    14 |    34 ||    56
Throw: Dart              |     8 |     9 |       ||    17
       Stone             |       |     3 |       ||     3
 Abil: Evoke Invisibilit |       |     4 |     2 ||     6
  Use: Potion            |       |     2 |     3 ||     5
 Stab: Sleeping          |     2 |     2 |     2 ||     6
       Invisible         |       |     2 |     4 ||     6
Armor: Robe              |       |     1 |     2 ||     3
Dodge: Dodged            |     5 |     6 |    48 ||    59
Block: Buckler           |       |       |    17 ||    17
